Unix NetHack Version 5.0.0-0 post-release - last build May 10 2026 23:12:36 (d1fa5d53e341ca933230fdaa984d921c805b60aa,branch:main).

Game began 2026-05-14 16:38:24, ended 2026-05-14 17:06:52.

BaeHund, neutral female human Ranger

     ------------
     |...<......|
     |...........######@
     |..........|#     h
     ---+--.-.---      #
                       #
                       #
                      ##
                       #
                       #
                       #
                       #
                       #
                       #
                       #
                       #
                       #

BaeHund the Lookout          St:18/02 Dx:10 Co:13 In:14 Wi:18 Ch:7  Neutral
Dlvl:7  $:137 HP:0(33) Pw:35(35) AC:-1 Xp:5 T:1370 

Latest messages:
 You hear someone cursing shoplifters.
 You swap places with Sirius.
 You hear water falling on coins.
 You hear a door open.
 You hear some noises.
 It misses the dwarf.
 You already found a monster.  Use 'm' prefix to force another search.
 You already found a monster.  Use 'm' prefix to force another search.
 You miss the dwarf.
 It bites the dwarf.
 The dwarf swings his pick-axe at it.
 The dwarf misses it.
 The dwarf swings his pick-axe.
 The dwarf hits!
 You miss the dwarf.
 It misses the dwarf.
 It misses the dwarf.
 You hit the dwarf.
 You hear crashing rock.
 It bites the dwarf.
 The dwarf swings his pick-axe at it.
 The dwarf hits it.
 You miss the dwarf.
 The dwarf swings his pick-axe.
 The dwarf hits!
 You miss the dwarf.
 The dwarf swings his pick-axe.
 The dwarf hits!
 You hear water falling on coins.
 You miss the dwarf.
 The dwarf swings his pick-axe.
 The dwarf misses!
 You hit the dwarf!
 The dwarf swings his pick-axe.
 The dwarf misses!
 You hit the dwarf.
 The dwarf swings his pick-axe.
 The dwarf misses!
 You miss the dwarf.
 The dwarf swings his pick-axe.
 The dwarf hits!
 You miss the dwarf.
 The dwarf swings his pick-axe.
 The dwarf hits!
 You miss the dwarf.
 The dwarf swings his pick-axe.
 The dwarf hits!
 You die...
 Do you want your possessions identified? [ynq] (y) y
 Do you want to see your attributes? [ynq] (y) q

Inventory:
 Coins    ('$')
  $ - 137 gold pieces
 Weapons  (')')
  c - 50 +2 arrows (in quiver)
  d - 32 +0 arrows
  b - a +1 bow (weapon in right hand)
  a - a +1 dagger (alternate weapon; not wielded)
 Armor    ('[')
  j - an uncursed +0 orcish helm (being worn)
  e - an uncursed +2 cloak of displacement (being worn)
  k - an uncursed +0 plate mail (being worn)
 Comestibles  ('%')
  f - 4 uncursed cram rations
  m - 3 uncursed food rations
  o - 2 uncursed fortune cookies
 Scrolls  ('?')
  v - an uncursed scroll of amnesia
  l - an uncursed scroll of blank paper
  s - an uncursed scroll of light
  h - an uncursed scroll of taming
 Spellbooks  ('+')
  g - an uncursed spellbook of detect treasure
 Potions  ('!')
  q - an uncursed potion of sleeping
 Rings    ('=')
  n - a cursed -2 ring of protection
  t - an uncursed ring of searching

BaeHund the Ranger's attributes:

Background:
 You were a Lookout, a level 5 female human Ranger.
 You were neutral, on a mission for Venus
 who was opposed by Mercury (lawful) and Mars (chaotic).
 You were right-handed.
 You were in the Gnomish Mines, on level 7.
 You entered the dungeon 1370 turns ago.
 You had 179 experience points, 141 more were needed to attain level 6.

Basics:
 You had 0 out of 33 hit points.
 You had all 35 energy points (spell power).
 Your armor class was -1.
 Your wallet contained 137 zorkmids.
 Autopickup was off.

Final Characteristics:
 Your strength was 18/02 (limit:18/100).
 Your dexterity was 10 (limit:18).
 Your constitution was 13 (limit:18).
 Your intelligence was 14 (limit:18).
 Your wisdom was 18 (limit:18).
 Your charisma was 7 (limit:18).

Final Status:
 You weren't hungry.
 You were unencumbered.
 You were wielding a bow.
 You had basic skill with bow.

Final Attributes:
 You were devoutly aligned.
 You had automatic searching.
 You were displaced.
 You were guarded.
 Your spell casting was impaired by metallic armor.
 You are dead.

Miscellaneous:
 You didn't encounter any bones levels.
 Total elapsed playing time was 27 minutes and 57 seconds.

Major events:
 Turn
    1: BaeHund the neutral female human Ranger entered the dungeon
  928: entered the Gnomish Mines
  941: attained the rank of Lookout (level 3)
 1370: killed by a dwarf

Spells:
 Name                 Level Category     Fail Retention
 detect treasure        4   divination   100%  76%-100%
 cure sickness          3   healing      100%  76%-100%

Skills:
 Fighting Skills
   bare handed combat [Unskilled]
   riding             [Unskilled]
 Weapon Skills
   dagger             [Basic]
   knife              [Unskilled]
   axe                [Unskilled]
   pick-axe           [Unskilled]
   short sword        [Unskilled]
   morning star       [Unskilled]
   flail              [Unskilled]
   hammer             [Unskilled]
   quarterstaff       [Unskilled]
   polearms           [Unskilled]
   spear              [Unskilled]
   trident            [Unskilled]
   bow                [Basic]
   sling              [Unskilled]
   crossbow           [Unskilled]
   dart               [Unskilled]
   shuriken           [Unskilled]
   boomerang          [Unskilled]
   whip               [Unskilled]
 Spellcasting Skills
   healing spells     [Unskilled]
   divination spells  [Unskilled]
   escape spells      [Unskilled]

Voluntary challenges:
 Character rerolling was not enabled.
 You never genocided any monsters.
 You never polymorphed an object.
 You never changed form.
 You used no wishes.
Achievements:
 You entered the Gnomish Mines.
 You attained the rank of Lookout.

 The Dungeons of Doom: levels 1 to 4
    Level 1:
       A fountain, a sink.
    Level 2:
       A sink.
    Level 3:
       Some fountains.
    Level 4:
       A fountain.
       Stairs down to The Gnomish Mines.
 The Gnomish Mines: levels 5 to 7
    Level 5:
    Level 6:
    Level 7: <- You were here.
       Final resting place for
          you, killed by a dwarf.


Vanquished creatures:
  2 gnome leaders
  a floating eye
  4 dwarves
  a monkey
  2 giant rats
 13 gnomes
  a gecko
  4 jackals
  2 kobolds
  a goblin
  2 sewer rats
  4 grid bugs
  3 newts
40 creatures vanquished.

No species were genocided or became extinct.

Game over:
                       ----------
                      /          \
                     /    REST    \
                    /      IN      \
                   /     PEACE      \
                  /                  \
                  |     BaeHund      |
                  |      137 Au      |
                  |   killed by a    |
                  |      dwarf       |
                  |                  |
                  |                  |
                  |       2026       |
                 *|     *  *  *      | *
        _________)/\\_//(\/(/\)/\//\/|_)_______

Goodbye BaeHund the Ranger...

You died in The Gnomish Mines on dungeon level 7 with 1140 points,
and 137 pieces of gold, after 1370 moves.
You were level 5 with a maximum of 33 hit points when you died.

